 Dungeon Sprint DCSS version 0.29.1-15-g9cfb28693d (webtiles) character file.

Game seed: 4782347644703989693

944 Groucho the Covert (level 7, -6/39 HPs)
             Began as a Felid Fighter on Apr 12, 2023.
             Was a Believer of Uskayaw.
             Mangled by a slime creature (18 damage)
             ... in the Dungeon (Sprint IX: "|||||||||||||||||||||||||||||").
             The game lasted 00:03:07 (1677 turns).

Groucho the Covert (Felid Fighter)                  Turns: 1677, Time: 00:03:08

Health: -6/39      AC:  2    Str: 15    XL:     7   Next: 88%
Magic:  14/14      EV: 28    Int:  9    God:    Uskayaw [**....]
Gold:   0          SH:  0    Dex: 21    Spells: 6/6 levels left
                                        Lives:  0   Deaths: 2

rFire   . . .      SeeInvis +     - Unarmed
rCold   . . .      Faith    .   (shield unavailable)
rNeg    . . .      Spirit   .   (body armour unavailable)
rPois   .          Reflect  .   (helmet unavailable)
rElec   .          Harm     .   (cloak unavailable)
rCorr   .          Rampage  .   (gloves unavailable)
Will    +....      NoTele   +   (boots unavailable)
Stlth   ++++++....              (no amulet)
HPRegen 0.13/turn               j - +3 ring of strength
MPRegen 0.14/turn               k - +3 ring of dexterity

@: quick
A: very small, claws 1, fangs 3, see invisible, speed 1, shaggy fur 2, stealthy
paws, no weapons or thrown items, no armour, multi-lived
a: Renounce Religion, Stomp, Line Pass


You were in the Dungeon.
You worshipped Uskayaw.
Uskayaw was aware of your devotion.
You visited 1 branch

Inventory:

Jewellery
 j - a +3 ring of strength (left paw)
 k - a +3 ring of dexterity (right paw)
Wands
 i - a wand of iceblast (10)
Scrolls
 g - 4 scrolls of blinking
 h - 2 scrolls of amnesia
Potions
 a - 4 potions of heal wounds
 b - a potion of curing
 c - 2 potions of berserk rage
 d - a potion of haste
 e - 3 potions of magic


   Skills:
 + Level 9.9 Fighting
 + Level 12.7 Dodging
 + Level 13.0 Stealth
 + Level 10.2 Unarmed Combat
 + Level 8.4 Invocations


You had 6 spell levels left.
You didn't know any spells.
Your spell library was empty.

Dungeon Overview and Level Annotations

Branches:
Dungeon (1/1)

Altars:
Cheibriados
Dithmenos
Elyvilon
Fedhas
Gozag
Hepliaklqana
Kikubaaqudgha
Makhleb
Nemelex Xobeh
Okawaru
Qazlal
Ru
Sif Muna
Trog
Uskayaw
Vehumet
Wu Jian
Xom
Yredelemnul
Zin
The Shining One
Jiyva
Lugonu


Innate Abilities, Weirdness & Mutations

You have sharp claws.
You have razor-sharp teeth.
You have supernaturally acute eyesight. (SInv)
You cover ground quickly. (Speed+)
You are covered in thick fur. (AC +2)
Your paws help you pounce on unaware monsters.
You are incapable of wielding weapons or throwing items.
You cannot wear armour.
You gain extra lives every three experience levels.


Message History

A freezing wraith, an orc knight, an ogre mage, an efreet, a death knight and a slime creature come into view.
The efreet is wielding a +2 scimitar of flaming.
There are monsters nearby!
There are monsters nearby!
Unknown command.
A meliai comes into view.
The death knight shouts!
The slime creature quivers.
The ogre mage shouts!
The slime creature barely misses you.
There is an open door to the Dungeon here.
The meliai buzzes angrily.
The orc knight shouts!
You claw the slime creature!
The slime creature is lightly wounded.
The ogre mage gestures wildly while chanting.
The ogre mage flickers and vanishes for a moment.
The slime creature hits you!
You scratch the slime creature.
The slime creature is lightly wounded.
The slime creature misses you.
You claw the slime creature!
The slime creature is moderately wounded.
You claw the slime creature!
The slime creature is heavily wounded.
The slime creature barely misses you.
You can now pass through a line of other dancers.
A seven-headed hydra comes into view.
You barely miss the slime creature.
The slime creature is heavily wounded.
The slime creature closely misses you.
You scratch the slime creature.
The slime creature is heavily wounded.
The slime creature hits you!
You are too injured to fight recklessly!
You are too injured to fight recklessly!
You claw the slime creature!
The slime creature is severely wounded.
The death knight offers itself to Yredelemnul, and fills with unholy energy.
The slime creature hits you!!
You die...

▓▓▓▓▓▓▓▓▓▓▓▓▓▓▓▓▓▓▓▓▓▓▓▓▓▓▓
..................)........
▓▓▓▓▓▓▓▓▓▓▓▓▓▓▓▓▓▓▓▓▓▓▓▓▓▓▓
▓▓▓▓▓▓▓▓▓▓▓▓▓▓▓▓▓▓▓▓▓▓▓▓
DWoORpJ@?..?......[[[[[[
▓▓▓▓▓▓▓▓▓▓▓▓▓▓▓▓▓▓▓▓▓▓▓▓


You could see a death knight (reflects damage), a seven-headed hydra, an orc
knight, a slime creature, an ogre mage (invisible), a freezing wraith and an
efreet.

Vanquished Creatures
  Josephine (D)
  Joseph (D)
  An unseen horror (D)
  4 wraiths (D)
  A shadow (D)
  An orc priest (D)
  An iguana (D)
  An orc wizard (D)
  2 adders (D)
  2 white imps (D)
  2 orcs (D)
  A ball python (D)
  2 endoplasms (D)
  A goblin (D)
  A jackal (D)
22 creatures vanquished.

Notes
Turn   | Place    | Note
-------+----------+-------------------------------------------
     0 | D        | Groucho the Felid Fighter began the quest for the Orb.
     0 | D        | Reached XP level 1. HP: 10/10 MP: 2/2
     6 | D        | Reached skill level 1 in Stealth
    13 | D        | Reached skill level 2 in Stealth
   440 | D        | Noticed an iguana
   448 | D        | Reached skill level 5 in Dodging
   448 | D        | Reached skill level 3 in Stealth
   448 | D        | Reached XP level 2. HP: 15/15 MP: 3/3
   453 | D        | Reached skill level 4 in Stealth
   453 | D        | Reached skill level 5 in Unarmed Combat
   453 | D        | Reached XP level 3. HP: 18/18 MP: 4/4
   459 | D        | Reached skill level 5 in Stealth
   942 | D        | Found a snail-covered altar of Cheibriados.
   942 | D        | Found a shadowy altar of Dithmenos.
   942 | D        | Found a white marble altar of Elyvilon.
   942 | D        | Found a blossoming altar of Fedhas.
   942 | D        | Found an opulent altar of Gozag.
   943 | D        | Found a hazy altar of Hepliaklqana.
   944 | D        | Found a viscous altar of Jiyva.
   945 | D        | Found an ancient bone altar of Kikubaaqudgha.
   946 | D        | Found a corrupted altar of Lugonu.
   947 | D        | Found a burning altar of Makhleb.
   948 | D        | Found a sparkling altar of Nemelex Xobeh.
   949 | D        | Found an iron altar of Okawaru.
   950 | D        | Found a stormy altar of Qazlal.
   951 | D        | Found a sacrificial altar of Ru.
   952 | D        | Found a shimmering blue altar of Sif Muna.
   953 | D        | Found a bloodstained altar of Trog.
   954 | D        | Found a hide-covered altar of Uskayaw.
   955 | D        | Found a radiant altar of Vehumet.
   956 | D        | Found an ornate altar of the Wu Jian Council.
   957 | D        | Found a shimmering altar of Xom.
   958 | D        | Found a basalt altar of Yredelemnul.
   959 | D        | Found a glowing silver altar of Zin.
   960 | D        | Found a glowing golden altar of the Shining One.
   966 | D        | Became a worshipper of Uskayaw the Reveller
   991 | D        | Noticed a wyvern
   991 | D        | Noticed a centaur
   991 | D        | Noticed a wraith
   991 | D        | Noticed an unseen horror
   991 | D        | Noticed a shadow
   996 | D        | Reached * piety under Uskayaw
  1002 | D        | Reached ** piety under Uskayaw
  1005 | D        | Killed a shadow
  1006 | D        | Reached skill level 7 in Stealth
  1006 | D        | Reached XP level 4. HP: 9/24 MP: 4/7
  1006 | D        | Reached XP level 5. HP: 10/27 MP: 4/8
  1007 | D        | Reached *** piety under Uskayaw
  1008 | D        | Killed an unseen horror
  1009 | D        | Reached skill level 9 in Stealth
  1009 | D        | Reached skill level 5 in Invocations
  1009 | D        | Gained mutation: You are covered in thick fur. (AC +2)
                  | [Felid growth]
  1009 | D        | Reached XP level 6. HP: 13/33 MP: 4/10
  1009 | D        | Slain by a wraith
  1009 | D        | Reached **** piety under Uskayaw
  1010 | D        | Reached XP level 5. HP: -1/28 MP: 4/9
  1012 | D        | Noticed a wraith
  1014 | D        | Noticed a wraith
  1015 | D        | Noticed Josephine
  1016 | D        | Noticed a wraith
  1021 | D        | Noticed a wraith
  1026 | D        | Killed Josephine
  1027 | D        | Reached skill level 11 in Stealth
  1027 | D        | Reached XP level 6. HP: 8/34 MP: 5/12
  1027 | D        | Reached XP level 7. HP: 9/37 MP: 5/13
  1029 | D        | Killed a wraith
  1030 | D        | Reached XP level 8. HP: 11/42 MP: 1/14
  1031 | D        | Reached ***** piety under Uskayaw
  1033 | D        | Reached skill level 12 in Stealth
  1058 | D        | Noticed Joseph
  1073 | D        | Killed Joseph
  1095 | D        | Reached skill level 10 in Unarmed Combat
  1627 | D        | Noticed an ettin
  1634 | D        | Noticed an orc sorcerer
  1634 | D        | Noticed an orc knight
  1637 | D        | Slain by an orc knight
  1638 | D        | Reached XP level 7. HP: 0/39 MP: 11/14
  1638 | D        | Reached skill level 13 in Stealth
  1669 | D        | Noticed a freezing wraith
  1669 | D        | Noticed an orc knight
  1669 | D        | Noticed an ogre mage
  1669 | D        | Noticed an efreet
  1669 | D        | Noticed a death knight
  1669 | D        | Noticed a slime creature
  1670 | D        | Noticed a meliai
  1675 | D        | Noticed a seven-headed hydra
  1677 | D        | Mangled by a slime creature

Illustrated notes

Levels and vault maps discovered:
D:        linesprint [early_d, line_temple, items_1, d_10, items_2, lair_1,
          lair_end, items_3, orc_1, orc_end, items_4, d_15, swamp_1, shoals_1,
          snake_1, spider_1, d_20, vaults_1, items_5, swamp_end, shoals_end,
          snake_end, spider_end, vaults_end, d_27, items_6, zot_1, zot_end,
          crypt_end, forest_end, elf_end, slime_end, tomb_end, abyss_end,
          pan_hell_end]

Skill      XL: |  1  2  3  4  5  6  7  8 |
---------------+-------------------------+-----
Stealth        | 3 4 7 11 13 12 | 13.0
Dodging        | 5 8 11 12 | 12.7
Fighting       | 4 6 8 9 |  9.9
Unarmed Combat | 5 6 9 10 | 10.2
Invocations    | 3 7 8 |  8.4

Action                   |  1- 3 |  4- 6 |  7- 9 || total
-------------------------+-------+-------+-------++-------
Melee: Unarmed           |    40 |    10 |    37 ||    87
       Bite              |     6 |     2 |     4 ||    12
       Punch             |       |     2 |     1 ||     3
Invok: Line Pass         |       |     1 |     3 ||     4
  Use: Potion            |     5 |     2 |     5 ||    12
 Stab: Sleeping          |     1 |       |       ||     1
       Confused          |       |     1 |     1 ||     2
       Paralysed         |       |     1 |       ||     1
Dodge: Dodged            |    17 |     9 |    22 ||    48
